 Dungeon Crawl Stone Soup version 0.32-a0-712-g515539a (webtiles) character file.

Game seed: 9654112703430245599

221 PidgeyThePirate the Shooter (level 5, -33/39 HPs)
             Began as a Coglin Hunter on Mar 15, 2024.
             Killed by an exploding black bear (47 damage)
             ... ignited by their inner flame
             ... on level 3 of the Dungeon.
             The game lasted 00:04:01 (1780 turns).

PidgeyThePirate the Shooter (Coglin Hunter)         Turns: 1780, Time: 00:04:01

Health: -33/39     AC:  7    Str: 12 (14) XL:     5   Next: 98%
Magic:  5/5        EV: 11    Int:  6 (8)  God:
Gold:   96         SH:  0    Dex: 16 (17) Spells: 4/4 levels left

rFire   . . .        a - +2 sling {Ayize}
rCold   . . .        d - +0 sling {Apolônia}
rNeg    . . .        c - +0 leather armour
rPois   .            h - +0 helmet
rElec   .            (no cloak)
rCorr   .            e - +2 pair of gloves
SInv    .            (no boots)
Will    .....        (amulet unavailable)
Stlth   +            (ring unavailable)
HPRegen 0.26/turn    (ring unavailable)
MPRegen 0.09/turn    (no gizmo)

%: no passive effects
@: revved
A: off-hand wielding, slow wielding, warmup strikes, no jewellery
a: Invent Gizmo


You were on level 3 of the Dungeon.
You visited 1 branch of the dungeon, and saw 3 of its levels.

You collected 96 gold pieces.

Inventory:

Hand Weapons
 a - a +2 sling (weapon) {Ayize}
 d - a +0 sling (offhand) {Apolônia}
Armour
 c - a +0 leather armour (worn)
 e - a +2 pair of gloves (worn)
 h - a +0 helmet (worn)
Scrolls
 b - a scroll of butterflies
 g - a scroll of noise {unknown}


   Skills:
 + Level 2.5 Fighting
 + Level 5.8 Ranged Weapons
 + Level 1.6 Armour
 + Level 1.9 Dodging
 + Level 0.8 Stealth


You had 4 spell levels left.
You didn't know any spells.
Your spell library contained the following spells:

 Spells                   Type           Power      Damage    Failure   Level
 Slow                     Hex            0%         N/A       54%         1
 Confusing Touch          Hex            0%         N/A       88%         3
 Vampiric Draining        Necr           0%         2d6       88%         3


Dungeon Overview and Level Annotations

Branches:
Dungeon (3/15)

Altars:
Makhleb


Innate Abilities, Weirdness & Mutations

You can wield a second weapon in your off-hand.
It takes a long time for you to wield or remove held weapons.
Your first few attacks do less damage.
You cannot equip rings or amulets.


Message History

You shoot a sling bullet.
The sling bullet hits the black bear but does no damage.
The black bear is severely wounded.
The black bear bites you. The black bear barely misses you.
The black bear claws you. The black bear barely misses you.
The black bear claws you. x2
* * * LOW HITPOINT WARNING * * *
An orc comes into view. It is wielding a +0 whip.
You are too injured to fight recklessly!
You are too injured to fight recklessly!
You feel better. The black bear bites you. The black bear claws you.
The black bear claws you but does no damage.
The black bear completely misses you. The black bear claws you.
The black bear claws you but does no damage.
As you read the scroll labelled EZIAFU BORU, it crumbles to dust.
The creatures around you are filled with an inner flame!
It was a scroll of immolation.
The orc shouts!
You hear a shout!
You hear an angry hiss.
The black bear barely misses you.
The black bear claws you but does no damage. x2
The black bear bites you but does no damage.
The black bear claws you but does no damage.
The black bear claws you.
You are too injured to fight recklessly!
You are too injured to fight recklessly!
Unknown command.
Fire: a) +2 sling {Ayize}
Press: ? - help, Q - select action Shift-Dir - straight line, f/p - black bear
Aim: a black bear (severely wounded, berserk, inner flame, 70% to hit)
You shoot a sling bullet. The sling bullet hits the black bear.
Flame seeps out of the black bear.
The black bear is almost dead.
You shoot a sling bullet. The sling bullet hits the black bear.
Flame seeps out of the black bear.
The black bear is almost dead.
The black bear is engulfed in blazing flames.
The black bear explodes!
The fiery explosion engulfs you!!!
Ouch! That really hurt!
You die...

#### #..†.............###'##
...####.####...#.####..##.).#
##....†.# #.....)..<..##...#
#..##### #.....#.#...##...#
##.## #.......#...##...# ...#
#......##...###.## ##.#
#...........##..# #.#
#......##..>...## #.#
#...§@§######### ..#
#...§○§....... ###
#...§K#####..# # #......
#....... ##...##o. #.#. ..#
#./. ... #..# .##


You could see an orc (inner flame) and a kobold (inner flame).

Vanquished Creatures
  A black bear (D:3)
  Pargi (D:3)
  5 gnolls
  3 ribbon worms (D:2)
  A dart slug (D:1)
  6 endoplasms
  16 goblins
  7 hobgoblins
  3 jackals (D:1)
  6 kobolds
  2 quokkas (D:1)
  4 ball pythons
  6 bats
  2 frilled lizards
  5 rats
68 creatures vanquished.

Notes
Turn   | Place    | Note
-------+----------+-------------------------------------------
     0 | D:1      | PidgeyThePirate the Coglin Hunter began the quest for the
                  | Orb.
     0 | D:1      | Reached XP level 1. HP: 16/16 MP: 1/1
   112 | D:1      | Reached skill level 4 in Ranged Weapons
   112 | D:1      | Reached XP level 2. HP: 22/22 MP: 2/2
   180 | D:1      | Reached XP level 3. HP: 27/27 MP: 3/3
   829 | D:2      | Reached XP level 4. HP: 33/33 MP: 4/4
   837 | D:2      | Reached skill level 1 in Armour
   959 | D:2      | Reached skill level 5 in Ranged Weapons
  1273 | D:2      | Reached XP level 5. HP: 38/38 MP: 5/5
  1584 | D:3      | Found a burning altar of Makhleb.
  1603 | D:3      | Noticed Pargi
  1628 | D:3      | Killed Pargi
  1770 | D:3      | Noticed a black bear
  1780 | D:3      | Killed a black bear
  1780 | D:3      | Killed by an exploding black bear... ignited by their inner
                  | flame

Illustrated notes

Levels and vault maps discovered:
D:1:      psy_arrival_fountain, layout_loops_ring
D:2:      kennysheep_the_goblin_king, layout_basic
D:3:      layout_basic, nicolae_overflow_hidden_temple, old_standard_altar,
          lemuel_doored_altar, mainiacjoe_overflow_catwalk, serial_shops, shop,
          uniq_pargi

Skill      XL: |  1  2  3  4 |
---------------+-------------+-----
Ranged Weapons | 4 5 |  5.8
Armour         | 1 |  1.6
Fighting       | |  2.5
Dodging        | |  1.9
Stealth        | |  0.8

Action                     |  1- 3 |  4- 6 || total
---------------------------+-------+-------++-------
   Fire: Sling             |   110 |   182 ||   292
    Use: Potion            |       |     5 ||     5
         Scroll            |       |     1 ||     1
 Armour: Leather armour    |     4 |    61 ||    65
  Dodge: Dodged            |     5 |    39 ||    44

Table legend: (Time is in decaauts)
 A = Elapsed time spent in this place.
 B = Non-inter-level travel time spent in this place.
 C = Inter-level travel time spent in this place.
 D = Time resting spent in this place.
 E = Time spent auto-exploring this place.
 F = Levels seen in this place.
 G = Mean time per level.
                   A        B        C        D        E       F      G
               +--------+--------+--------+--------+--------+-----+--------+
         Total |   1808 |   1786 |     22 |      0 |   1478 |   3 |  602.7 |
       Dungeon |   1808 |   1786 |     22 |      0 |   1478 |   3 |  602.7 |
               +--------+--------+--------+--------+--------+-----+--------+

Top non-repeatable levels by time:
     D:2: 876 daAuts
     D:1: 693 daAuts
     D:3: 238 daAuts
